 Dungeon Crawl Stone Soup version 0.26-a0-259-g1effd001a9 (webtiles) character file.

Game seed: 16817077509382373816

120 sanka the Stinger (level 4, -3/21 HPs)
             Began as a Spriggan Venom Mage on July 22, 2020.
             Was a Follower of Uskayaw.
             Killed from afar by an orc wizard (7 damage)
             ... with a magic dart
             ... on level 3 of the Dungeon.
             The game lasted 00:06:22 (2845 turns).

sanka the Stinger (Spriggan Venom Mage)             Turns: 2845, Time: 00:06:23

Health: -3/21      AC:  3    Str:  4    XL:     4   Next: 75%
Magic:  1/9        EV: 18    Int: 17    God:    Uskayaw [*.....]
Gold:   142        SH:  0    Dex: 16    Spells: 3/9 levels left

rFire    . . .     SeeInvis +   p - +2 dagger (vamp)
rCold    . . .     Faith    .   (shield restricted)
rNeg     + . .     Spirit   .   a - +0 robe
rPois    .         Reflect  .   (helmet restricted)
rElec    .         Harm     .   g - +0 cloak
rCorr    .                      (gloves unavailable)
MR       .....                  (boots unavailable)
Stlth    ++........             (no amulet)
HPRegen  0.07/turn              o - ring of positive energy
MPRegen  0.11/turn              (no ring)

@: slowed, quick
A: very small, unfitting armour, see invisible, herbivore, speed 3, slow
metabolism 2
a: Stomp, Renounce Religion


You were on level 3 of the Dungeon.
You worshipped Uskayaw.
Uskayaw was noncommittal.
You were not hungry.

You visited 1 branch of the dungeon, and saw 3 of its levels.

You collected 142 gold pieces.


Innate Abilities, Weirdness & Mutations

You are very small and have problems with some larger weapons.
You are too small for most types of armour.
You have supernaturally acute eyesight. (SInv)
You are a herbivore.
You cover ground extremely quickly.
You need to consume almost no food.


   Skills:
 - Level 3.0 Dodging
 - Level 3.0 Stealth
 - Level 3.0 Spellcasting
 - Level 2.0 Transmutations
 + Level 5.3 Poison Magic


You had 3 spell levels left.
You knew the following spells:

 Your Spells              Type           Power        Failure   Level
c - Mephitic Cloud        Conj/Pois/Air  #.......     26%         3
y - Poisonous Vapours     Pois/Air       ##....       9%          2
z - Sting                 Tmut/Pois      ###.         3%          1

Your spell library contained the following spells:

 Spells                   Type           Power        Failure   Level
 Ignite Poison            Fire/Tmut/Pois ##......     19%         3
 Olgreb's Toxic Radiance  Pois           ###.....     19%         4

Inventory:

Hand Weapons
 p - a +2 vampiric dagger (weapon)
Armour
 a - a +0 robe (worn)
 g - a +0 cloak (worn)
Jewellery
 o - a ring of positive energy (left hand)
Scrolls
 e - 6 scrolls of identify {unknown}
 f - a scroll of fog {unknown}
 h - 2 scrolls of fear {unknown}
 j - a scroll of amnesia {unknown}
 k - 3 scrolls of remove curse {unknown}
 n - a scroll of blinking {unknown}
Potions
 b - a potion of degeneration {unknown}
 d - 2 potions of heal wounds {unknown}
 i - a potion of might {unknown}
 l - 3 potions of haste {unknown}
 m - a potion of flight {unknown}
Comestibles
 c - 14 rations

Dungeon Overview and Level Annotations

Branches:
Dungeon (3/15)

Altars:
Qazlal
Uskayaw
Zin

▒.▒ ....▒ ▒..
▒▒.▒▒▒▒ ▒....▒▒ ..
▒▒.....▒▒▒......▒
.
▒▒...o...▒.......▒
▒.÷..............▒
▒..÷..............
▒...).......).....
▒.................
▒.......i.........
▒.......#........▒
▒.........▒).....▒
▒............▒▒▒▒▒
▒...........▒▒▒
▒...........▒
.%....(.▒▒▒
.......▒▒


You could see an orc wizard (fast, very poisoned).


Message History

The orc wizard looks even sicker.
The orc wizard casts a spell.
The orc wizard seems to speed up.
Aiming: Sting (safe; 3% risk of failure)
Aim: an orc wizard, wielding a +0 dagger and wearing a +0 robe (moderately wounded, fast, very poisoned)
The sting hits the orc wizard.
The orc wizard looks even sicker.
The orc wizard is severely wounded.
The orc wizard casts a spell at you. The magic dart hits you!
The orc wizard gestures at you while chanting.
You feel yourself slow down.
The orc wizard casts a spell.
The orc wizard blinks!
The orc wizard points at you and mumbles some strange words.
The magic dart hits you.
* * * LOW HITPOINT WARNING * * *
The orc wizard points at you and mumbles some strange words.
The magic dart hits you.
* * * LOW HITPOINT WARNING * * *
Found 23 stones and 2 rations.
The orc wizard hits you with a +0 dagger.
* * * LOW HITPOINT WARNING * * *
You barely miss the orc wizard.
The orc wizard is almost dead.
The orc wizard casts a spell.
The orc wizard blinks!
The orc wizard points at you and mumbles some strange words.
The magic dart hits you!
You die...

Action                   |  1- 3 |  4- 6 || total
-------------------------+-------+-------++-------
Melee: Unarmed           |    35 |     1 ||    36
       Dagger            |       |     1 ||     1
 Cast: Sting             |    83 |    25 ||   108
       Poisonous Vapours |       |     6 ||     6
Armor: Robe              |    16 |       ||    16
Dodge: Dodged            |    80 |    13 ||    93

Levels and vault maps discovered:
D:1:      dpeg_arrival_boxorama, layout_rooms, minmay_vboxes
D:2:      layout_loops_ring, chequers_temple_overflow_statue_of_worship,
          first_ration, minmay_randomly_rotated_circles
D:3:      cheibrodos_old_hovel, layout_rooms, gammafunk_temple_overflow_arena

Notes
Turn   | Place    | Note
-------+----------+-------------------------------------------
     0 | D:1      | sanka the Spriggan Venom Mage began the quest for the Orb.
     0 | D:1      | Reached XP level 1. HP: 9/9 MP: 5/5
   117 | D:1      | Reached skill level 3 in Spellcasting
   117 | D:1      | Reached XP level 2. HP: 13/13 MP: 1/7
   217 | D:1      | Reached skill level 2 in Transmutations
   521 | D:2      | Found a glowing silver altar of Zin.
   524 | D:2      | Found a stormy altar of Qazlal.
   524 | D:2      | Found a hide-covered altar of Uskayaw.
   545 | D:2      | Became a worshipper of Uskayaw the Reveler
   551 | D:2      | Reached * piety under Uskayaw
   802 | D:2      | Reached ** piety under Uskayaw
   803 | D:2      | Reached skill level 4 in Poison Magic
   803 | D:2      | Reached XP level 3. HP: 13/16 MP: 3/8
  1136 | D:2      | Learned a level 2 spell: Poisonous Vapours
  1140 | D:2      | Learned a level 3 spell: Mephitic Cloud
  1761 | D:1      | Reached XP level 4. HP: 17/21 MP: 0/9
  2768 | D:2      | Reached skill level 5 in Poison Magic
  2845 | D:3      | Killed from afar by an orc wizard

Vanquished Creatures
  An orc wizard (D:3)
  2 adders (D:2)
  A worm (D:2)
  A dart slug (D:1)
  2 leopard geckos
  An orc (D:2)
  2 ball pythons
  5 bats
  2 giant cockroaches
  10 goblins
  7 hobgoblins
  3 jackals (D:1)
  2 quokkas
  7 frilled lizards
  11 kobolds
  6 rats
63 creatures vanquished.
